 Dungeon Crawl Stone Soup version 0.22.0-75-g3901e79 (webtiles) character file.

93 whitewolfNL the Firebug (level 4, 0/25 HPs)
             Began as a Gargoyle Fire Elementalist on Sept 11, 2018.
             Slain by a gnoll
             ... wielding a cursed -1 spear
              (5 damage)
             ... on level 4 of the Dungeon.
             The game lasted 00:27:38 (3599 turns).

whitewolfNL the Firebug (GrFE)                      Turns: 3599, Time: 00:27:41

Health: 0/25       AC:  6    Str: 12    XL:     4   Next: 61%
Magic:  1/8        EV: 12    Int: 16    God:
Gold:   93         SH:  0    Dex: 14    Spells: 0/9 levels left

rFire    . . .     SeeInvis .   x - +0 rapier
rCold    . . .     Gourm    .   (no shield)
rNeg     + . .     Faith    .   i - +0 leather armour
rPois    ∞         Spirit   .   (no helmet)
rElec    +         Reflect  .   (no cloak)
rCorr    .         Harm     .   (no gloves)
MR       .....                  (no boots)
Stlth    ++........             p - amulet of magic regeneration
HPRegen  0.08/turn              s - +4 ring of dexterity
MPRegen  0.36/turn              y - ring of flight

@: very slightly contaminated
A: negative energy resistance 1, electricity resistance, unbreathing,
petrification resistance, rot immunity, AC +3
a: Evoke Flight


You were on level 4 of the Dungeon.
You were not hungry.

You visited 1 branch of the dungeon, and saw 4 of its levels.

You collected 93 gold pieces.

Inventory:

Hand Weapons
 e - a +0 club
 h - a +0 mace
 o - a +0 dagger of freezing
 x - a +0 rapier (weapon)
 C - a +0 mace
Missiles
 j - 140 stones (quivered)
 q - 17 bolts
 t - 40 arrows
 v - 30 sling bullets
Armour
 a - a +0 robe
 f - a +0 ring mail
 i - a +0 leather armour (worn)
 u - a +0 ring mail
Jewellery
 p - an amulet of magic regeneration (around neck)
 s - a +4 ring of dexterity (left hand)
 y - a ring of flight (right hand)
Scrolls
 b - a scroll of teleportation
 d - a scroll of enchant armour {unknown}
 g - a scroll of immolation {unknown}
 k - a scroll of enchant weapon {unknown}
 m - a scroll of identify
 n - 3 scrolls of remove curse
 r - a scroll of blinking {unknown}
 A - a scroll of fog {unknown}
Potions
 l - a potion of invisibility {unknown}
 z - a potion of mutation {unknown}
 B - a potion of flight {unknown}
Comestibles
 c - 3 rations


   Skills:
 * Level 1.0 Fighting
 + Level 1.6 Dodging
 * Level 2.6 Stealth
 + Level 3.1 Spellcasting
 + Level 1.4 Conjurations
 * Level 3.7 Fire Magic


You couldn't memorise any spells.
You knew the following spells:

 Your Spells              Type           Power        Failure   Level  Hunger
a - Flame Tongue          Conj/Fire      ##...        8%          1    None
b - Conjure Flame         Conj/Fire      ##......     24%         3    ###....
c - Throw Flame           Conj/Fire      ##....       12%         2    ##.....
d - Inner Flame           Hex/Fire       #.......     32%         3    ###....

Your spell library contained the following spells:

 Spells                   Type           Power        Failure   Level  Hunger
 Sticky Flame             Conj/Fire      ##......     61%         4    ####...
 Fireball                 Conj/Fire      ##........   91%         5    ######.


Dungeon Overview and Level Annotations

Branches:
Dungeon (4/15)
 Temple: D:4-7

Altars:


Innate Abilities, Weirdness & Mutations

You are resistant to torment.
Your stone body is resilient. (AC +3)
You are immune to poison.
You resist negative energy. (rN+)
You are resistant to electric shocks. (rElec)
You can survive without breathing.
You are immune to petrification.
You are immune to rotting.


Message History

Aiming: Throw Flame (safe; 12% risk of failure)
Press: ? - help, Shift-Dir - straight line, f/p - adder zombie
Aim: an adder zombie You miscast Throw Flame.
Lukewarm flames ripple over your body.
The adder hisses angrily.
The gnoll hits you from afar with a halberd!
The adder zombie bites you.
The gnoll hits you from afar with a spear.
Casting: Throw Flame (safe; 12% risk of failure)
Confirm with . or Enter, or press ? or * to list all spells.
Aiming: Throw Flame (safe; 12% risk of failure)
Press: ? - help, Shift-Dir - straight line, f/p - adder zombie
Aim: an adder zombie The puff of flame hits the adder zombie.
The adder zombie is moderately damaged.
The gnoll hits you from afar with a halberd!
* * * LOW HITPOINT WARNING * * *
The adder zombie barely misses you.
The gnoll hits you from afar with a spear.
You die...

###### ......
......
####......
#.....g...
#.###........#
#l......g....#
##..g.S...
#.@Zg.....
#....##...
......... .
####.##...#
#.. .##.. #..
. . ### .. ..


You could see 4 gnolls, an adder and an adder zombie.

Vanquished Creatures
  4 adders
  A worm (D:3)
  2 dart slugs (D:1)
  A leopard gecko (D:2)
  2 ball pythons (D:2)
  4 bats (D:1)
  4 giant cockroaches
  10 goblins
  5 hobgoblins (D:1)
  3 jackals (D:3)
  5 frilled lizards
  A kobold (D:2)
  5 rats
47 creatures vanquished.

Notes
Turn   | Place    | Note
-------+----------+-------------------------------------------
     0 | D:1      | whitewolfNL the Gargoyle Fire Elementalist began the quest
                  | for the Orb.
     0 | D:1      | Reached XP level 1. HP: 10/10 MP: 3/3
   310 | D:1      | Reached XP level 2. HP: 15/15 MP: 0/5
   790 | D:1      | Reached XP level 3. HP: 20/20 MP: 2/6
  1108 | D:1      | Learned a level 3 spell: Conjure Flame
  1111 | D:1      | Learned a level 2 spell: Throw Flame
  1529 | D:2      | Found a faded altar of an unknown god.
  2071 | D:3      | Reached skill level 1 in Fighting
  2454 | D:3      | Reached XP level 4. HP: 25/25 MP: 1/8
  2459 | D:3      | Learned a level 3 spell: Inner Flame
  3599 | D:4      | Slain by a gnoll

Skill      XL: |  1  2  3 |
---------------+----------+-----
Fighting       | 1 |  1.0
Spellcasting   | 3 |  3.1
Dodging        | |  1.6
Stealth        | |  2.6
Conjurations   | |  1.4
Fire Magic     | |  3.7

Action                   |  1- 3 |  4- 6 || total
-------------------------+-------+-------++-------
Melee: Unarmed           |     3 |       ||     3
       Club              |    22 |       ||    22
       Dagger            |     7 |       ||     7
       Rapier            |       |    12 ||    12
 Cast: Flame Tongue      |    42 |     1 ||    43
       Throw Flame       |    23 |    19 ||    42
  Use: Scroll            |     2 |     1 ||     3
 Stab: Sleeping          |     1 |       ||     1
  Eat: Chunk             |     4 |     3 ||     7
       Ration            |     1 |     1 ||     2
Armor: Robe              |    13 |       ||    13
       Skin              |     4 |       ||     4
       Leather armour    |     3 |     8 ||    11
Dodge: Dodged            |    36 |    20 ||    56
